 Dungeon Crawl Stone Soup version 0.27-a0-906-g0a00ce863d (webtiles) character file.

Game seed: 17392766215727368313

1521 Lanoc the Sneak (level 8, 0/70 HPs)
             Began as a Green Draconian Brigand on Apr 7, 2021.
             Was a Believer of Zin.
             Killed from afar by a white imp (6 damage)
             ... with a puff of frost
             ... on level 5 of the Dungeon.
             The game lasted 00:09:37 (6334 turns).

Lanoc the Sneak (Green Draconian Brigand)           Turns: 6334, Time: 00:09:37

Health: 0/70       AC:  7    Str: 13    XL:     8   Next: 54%
Magic:  11/11      EV: 14    Int: 11    God:    Zin [**....]
Gold:   200        SH:  0    Dex: 16    Spells: 7/7 levels left

rFire    . . .     SeeInvis .   a - +2 dagger
rCold    . . .     Faith    .   (no shield)
rNeg     . . .     Spirit   .   (armour unavailable)
rPois    +         Reflect  .   (helmet restricted)
rElec    .         Harm     .   b - +0 cloak
rCorr    .         Rampage  .   (no gloves)
Will     +....                  (no boots)
Stlth    ++........             (no amulet)
HPRegen  0.21/turn              e - ring of willpower
MPRegen  0.12/turn              i - ring of flight

@: confused, short of breath, ambrosia-drunk, on recite cooldown, flying
A: breathe noxious fumes, AC +6, unfitting armour, poison resistance,
cold-blooded
a: Breathe Noxious Fumes, Renounce Religion, Recite, Vitalisation, Donate Gold


You were on level 5 of the Dungeon.
You worshipped Zin.
Zin was pleased with you.
You visited 1 branch of the dungeon, and saw 5 of its levels.

You collected 222 gold pieces.
You donated 22 gold pieces to Zin.

Inventory:

Hand Weapons
 a - a +2 dagger (weapon)
Missiles
 c - 2 poisoned darts (quivered)
Armour
 b - a +0 cloak (worn)
 l - a +0 kite shield
Jewellery
 e - a ring of willpower (left hand)
 i - a ring of flight (right hand)
Wands
 o - a wand of digging (1)
Scrolls
 d - a scroll of fog {unknown}
 g - 5 scrolls of identify {unknown}
 j - a scroll of noise {unknown}
 m - a scroll of blinking {unknown}
Potions
 f - a potion of brilliance {unknown}
 h - a potion of ambrosia
 k - 3 potions of curing {unknown}
 n - a potion of lignification {unknown}
 p - a potion of haste {unknown}
 q - a potion of flight {unknown}
 r - a potion of resistance {unknown}


   Skills:
 + Level 5.7 Fighting
 - Level 2.0 Short Blades
 - Level 1.7 Throwing
 + Level 4.4 Dodging
 * Level 7.9 Stealth
 + Level 4.3 Invocations


You had 7 spell levels left.
You didn't know any spells.
Your spell library was empty.

Dungeon Overview and Level Annotations

Branches:
Dungeon (5/15)
 Temple: D:4-7

Altars:
Gozag
Ru
Sif Muna
Zin


Innate Abilities, Weirdness & Mutations

You can breathe blasts of noxious fumes.
Your lurid green scales are hard. (AC +6)
You cannot fit into any form of body armour.
Your system is resistant to poisons. (rPois)
You are cold-blooded and may be slowed by cold attacks.


Message History

The white imp misses you.
You barely miss the white imp. You tail-slap the white imp.
The white imp is heavily wounded.
You feel yourself speed up.
You have got your breath back.
The white imp gestures at you. The puff of frost hits you.
The iguana hisses menacingly.
The white imp barely misses you.
You hit the white imp.
The white imp is severely wounded.
The white imp hits you. The white imp freezes you.
You feel yourself slow down.
* * * LOW HITPOINT WARNING * * *
Press: ? - help, Shift-Dir - straight line, f - white imp
Aim: a white imp (severely wounded, dazed)
You exhale a blast of noxious fumes.
The blast of choking fumes hits the white imp.
The white imp completely resists.
The white imp is severely wounded.
The blast of choking fumes misses the iguana.
The white imp grinds its teeth.
The white imp gestures at you. The puff of frost hits you!
* * * LOW HITPOINT WARNING * * *
The iguana is engulfed in noxious fumes.
The iguana appears confused.
You hit the white imp.
The white imp is severely wounded.
You feel yourself speed up.
The iguana barely misses the white imp.
The white imp gestures at you. The puff of frost hits you!
* * * LOW HITPOINT WARNING * * *
The white imp misses you.
It was a potion of ambrosia.
You are confused.
You feel invigorated. The white imp gestures at you.
The puff of frost hits you.
You die...

.. .#.#..# ... ...#
.#...###.... ####
..#.##......#... ###..###
#.#.#....#.... ###......###
#.#.....#..####..........###
#......#...........##......
#....)...###.l.....#..#####
#...†....###.......#.## ##
#......[)[@5°○°○°.....####.
#.#.....#.####..###.#.......
#.#.#....#<......# #.#.......
.#.##.............##.#....$..
..##.#†...........##.#(......
.....#.#..#<.......##.#.......
.......##..########..#$#.......
....... .#.# ..#.##.#####
...... ....# ..(. #


You could see an iguana (confused) and a white imp (dazed).

Vanquished Creatures
  Pikel (D:4)
  Sigmund (D:4)
  A yak (D:4)
  An ogre (D:4)
  A black bear (D:5)
  A bullfrog (D:4)
  2 hounds (D:5)
  3 orc priests
  3 iguanas
  2 orc wizards (D:4)
  A hound skeleton (D:4)
  A howler monkey zombie (D:5)
  8 adders
  4 gnolls (D:4)
  2 worms (D:2)
  2 dart slugs
  10 orcs
  5 ball pythons
  4 bats
  10 endoplasms
  A giant cockroach (D:1)
  8 goblins
  4 hobgoblins
  7 jackals
  9 kobolds
  3 quokkas
  A frilled lizard (D:2)
  5 rats
101 creatures vanquished.

Vanquished Creatures (others)
  4 plants (D:5)
4 creatures vanquished.

Grand Total: 105 creatures vanquished

Notes
Turn   | Place    | Note
-------+----------+-------------------------------------------
     0 | D:1      | Lanoc the Draconian Brigand began the quest for the Orb.
     0 | D:1      | Reached XP level 1. HP: 17/17 MP: 1/1
   122 | D:1      | Reached skill level 1 in Dodging
   381 | D:1      | Reached XP level 2. HP: 24/25 MP: 2/2
   493 | D:1      | Reached skill level 4 in Stealth
   835 | D:1      | Reached XP level 3. HP: 29/30 MP: 3/3
  1354 | D:2      | Found a faded altar of an unknown god.
  1357 | D:2      | Became a worshipper of Ru the Awakened
  2206 | D:3      | Reached XP level 4. HP: 38/38 MP: 4/4
  2931 | D:3      | Reached skill level 5 in Stealth
  2931 | D:3      | Reached XP level 5. HP: 17/45 MP: 5/5
  3729 | D:3      | Found a glowing silver altar of Zin.
  3734 | D:3      | Fell from the grace of Ru
  3734 | D:3      | Became a worshipper of Zin the Law-Giver
  3734 | D:3      | Reached * piety under Zin
  3769 | D:3      | Found an opulent altar of Gozag.
  3853 | D:3      | HP: 2/45 [poisoned by an adder]
  4262 | D:4      | Noticed a lemure
  4263 | D:4      | Noticed a lemure
  4265 | D:4      | Noticed Pikel
  4265 | D:4      | Noticed a lemure
  4280 | D:4      | Noticed a lemure
  4313 | D:4      | Killed Pikel
  4314 | D:4      | Reached skill level 6 in Stealth
  4314 | D:4      | Reached XP level 6. HP: 5/53 MP: 5/7
  4314 | D:4      | Your scales start taking on a lurid green colour.
  4314 | D:4      | Reached XP level 7. HP: 5/60 MP: 5/8
  4314 | D:4      | Gained mutation: Your system is resistant to poisons.
                  | (rPois) [Green Draconian growth]
  5301 | D:4      | Noticed Sigmund
  5318 | D:4      | Killed Sigmund
  5319 | D:4      | Reached skill level 5 in Fighting
  5319 | D:4      | Reached skill level 7 in Stealth
  5319 | D:4      | Reached XP level 8. HP: 54/68 MP: 10/10
  5794 | D:5      | Entered Level 5 of the Dungeon
  5955 | D:5      | Found a shimmering blue altar of Sif Muna.
  6279 | D:5      | Reached ** piety under Zin
  6333 | D:5      | HP: 2/70 [white imp/puff of frost (9)]
  6334 | D:5      | Killed from afar by a white imp

Illustrated notes

Levels and vault maps discovered:
D:1:      dpeg_arrival_lava_temple_mockup, layout_loops_corners, serial_glass,
          glass_columns_a, glass_columns_a
D:2:      layout_basic, basic_ecumenical_altar
D:3:      cheibrodos_helix_gallery, layout_loops_ring,
          pdpol_temple_overflow_zin_treasury_gozag_greed, patterned_corridor
D:4:      layout_rooms, uniq_sigmund, uniq_pikel
D:5:      layout_basic, nicolae_sif_muna_condensation,
          overflow_temple_1_default, minmay_misc_feat_x,
          kb_lookout_dungeons_type, nrook_uturn, serial_park_tiny_1,
          minmay_misc_feat_secret_circle, st_stairs_6, guppyfry_early_lair_pool,
          uniq_grinder

Skill      XL: |  1  2  3  4  5  6  7  8 |
---------------+-------------------------+-----
Dodging        | 1 2 3 4 |  4.4
Stealth        | 4 5 6 7 |  7.9
Fighting       | 3 4 5 |  5.7
Invocations    | 2 3 4 |  4.3
Short Blades   | |  2.0
Throwing       | |  1.7

Action                   |  1- 3 |  4- 6 |  7- 9 || total
-------------------------+-------+-------+-------++-------
Melee: Dagger            |   134 |   141 |   147 ||   422
       Tailslap          |    11 |    22 |    30 ||    63
Throw: Dart              |    11 |    18 |       ||    29
Invok: Recite            |       |       |     8 ||     8
 Abil: Breathe Noxious F |       |       |    23 ||    23
  Use: Potion            |       |       |     1 ||     1
 Stab: Sleeping          |    13 |       |     1 ||    14
       Confused          |       |       |     9 ||     9
       Distracted        |       |       |     1 ||     1
Armor: Skin              |    42 |    54 |    37 ||   133
Dodge: Dodged            |    74 |    98 |   101 ||   273

Table legend: (Time is in decaauts)
 A = Elapsed time spent in this place.
 B = Non-inter-level travel time spent in this place.
 C = Inter-level travel time spent in this place.
 D = Time resting spent in this place.
 E = Time spent auto-exploring this place.
 F = Levels seen in this place.
 G = Mean time per level.
                   A        B        C        D        E       F      G
               +--------+--------+--------+--------+--------+-----+--------+
         Total |   6303 |   6183 |    120 |    820 |   4237 |   5 | 1260.6 |
       Dungeon |   6303 |   6183 |    120 |    820 |   4237 |   5 | 1260.6 |
               +--------+--------+--------+--------+--------+-----+--------+

Top non-repeatable levels by time:
     D:3: 1918 daAuts
     D:4: 1562 daAuts
     D:2: 1455 daAuts
     D:1: 1191 daAuts
     D:5: 176 daAuts
